FIQ, neutral male gnomish Wizard ------ |....| |....| --------------------------------- |....| -...............................| |<...| #` |.------------.....------------.| |....-##### # |.|I/+|...| |.....| |(((|...|.| ------ # ### |.|[*.|...| |.....+ |(((|...|.| ## #### |.|$($|...| |.....| |...|...|.| # ### |.|...|...|+--.....----|----|--.| ### #### |.--|--|---.....@..............@| # ##e # #|.............{......{....u...u.| ## # ####|.-+---%---....---|--...........| ---.----- ### #`|.| |...|---.|....|.------|--.| |.......| # ##-.| |...| |.|....|.+ |....|.| |........## #|.| |...| +.|.._)|.| |....|.| |.......| #|.| |...| |.|....|.| |....|.| |........## ####|.------------.------.---------.| --------- |...............................| --------------------------------- FIQ the Conjurer Experience level: 5 Strength: 8 Dexterity: 18 Constitution: 14 Intelligence: 19 Wisdom: 10 Charisma: 10 Health: 0(37) Energy: 33(33) Def: 1 Gold: 881 Moves: 3683 Dungeon seed: RrXm7HlokJrhL6GO Game ID: FIQ_1480952956 Your Inventory: Coins $ - 881 gold pieces Weapons a - a blessed +1 quarterstaff H - an uncursed +0 elven dagger (weapon in hand) Armor e - an uncursed +0 cloak of magic resistance (being worn) Comestibles Q - an uncursed food ration Scrolls M - an uncursed scroll of blank paper Potions p - an uncursed potion of healing Rings N - a cursed -1 ring of increase damage Tools b - an uncursed bag of holding l - an uncursed magic lamp C - an uncursed tin whistle J - a blessed figurine of a dwarf zombie K - 7 uncursed tallow candles (0:200) L - an uncursed figurine of a newt P - an uncursed skeleton key Contents of the bag of holding: an uncursed scroll of blank paper an uncursed scroll of enchant armor a blessed scroll of food detection an uncursed scroll of magic mapping an uncursed scroll of teleportation a blessed spellbook of force bolt an uncursed spellbook of invisibility an uncursed spellbook of remove curse an uncursed spellbook of slow monster an uncursed potion of confusion an uncursed potion of sickness an uncursed potion of water an uncursed ring of conflict an uncursed +1 ring of increase damage an uncursed wand of magic missile (0:1) an uncursed wand of speed monster (0:3) Spells and supernatural/magical abilities: Name Level Category Fail Memory a - force bolt 1 attack 0% 82% i - invisibility 4 escape 100% 87% r - remove curse 3 clerical 79% 82% s - slow monster 2 enchantment 0% 86% W - pray for help -- divine ? -- Your skills at the end: Fighting Skills wands [Basic] Weapon Skills dagger [Basic] quarterstaff [Basic] Spellcasting Skills attack spells [Basic] enchantment spells [Basic] Final Attributes: You were piously aligned. You were poison resistant. You were magic-protected. You were telepathic. You had infravision. You are dead. Vanquished creatures: a giant beetle a fog cloud 3 gray oozes 2 giant ants a little dog 3 floating eyes a kitten a rothe a centipede an orc zombie a wererat a werejackal 2 iguanas 3 coyotes 3 hobbits 2 manes 2 large kobolds a red mold 3 gnomes a gnome zombie 6 geckos 4 jackals a fox a kobold 5 goblins 11 grid bugs 2 lichens 3 kobold zombies 7 newts 74 creatures vanquished. Voluntary challenges: You used a wielded weapon 88 times, starting on turn 200. You read items or engraved 53 times, starting on turn 849. You never genocided any monsters. You never polymorphed an object. You never changed form. You used no wishes. You never split a pudding. You wrote Elbereth's name 29 times, starting on turn 2917. You never violated your personal moral code. Dungeon overview: The Dungeons of Doom: levels 1 to 4 Level 1 some fountains a long staircase Level 2 Level 3 a general store Level 4 a general store stairs to The Gnomish Mines The Gnomish Mines: levels 5 to 8 Level 5 stairs to The Dungeons of Doom Level 6 Level 7 Level 8 <- You were here some shops, a temple to Ptah, some fountains History has recorded: On T:1 you entered the Dungeons of Doom to retrieve the Amulet of Yendor! On T:324 you reached level 2 of The Dungeons of Doom. On T:547 you advanced to experience level 2. On T:626 you reached level 3 of The Dungeons of Doom. On T:1131 you reached level 4 of The Dungeons of Doom. On T:1988 you advanced to experience level 3. On T:1995 you reached level 1 of The Gnomish Mines. On T:2137 you reached level 2 of The Gnomish Mines. On T:2293 you advanced to experience level 4. On T:2580 you reached level 3 of The Gnomish Mines. On T:2918 you advanced to experience level 5. On T:3016 you reached level 4 of The Gnomish Mines. Score breakdown: Gold: 881 (10019 points) Experience: 5 levels (11141 points) Exploration: 8 levels ( 16.67%) (11577 points) Discoveries: 14 items ( 4.83%) ( 6591 points) Valuables value: (no points given unless you survive) Artifact value: 0 ( 0 points) Variety of kills: 29 monsters ( 7.57%) ( 8255 points) Turncount: 3683 turns ( -902 points) Survival: died (score multiplied by 80%) Total score: 37344 Latest messages: There is nothing here to pick up. You hit the floating eye. You slow down under the floating eye's gaze! You hit the floating eye. (3x) You feel as if you will be slow for longer. You hit the floating eye. (2x) You feel as if you will be slow for longer. You kill the floating eye! You see here a floating eye corpse. This floating eye corpse tastes terrible! You finish eating the floating eye corpse. That door is closed. (5x) "The food's not fit for Orcs!" Never mind. Moving: l - an uncursed magic lamp. Your speed returns. The black unicorn butts! The black unicorn kicks! The black unicorn butts! The black unicorn kicks! The black unicorn butts! You die... Final status: Goodbye FIQ the Wizard, killed by a black unicorn... You died in The Gnomish Mines on dungeon level 8 with 37344 points, and 881 pieces of gold, after 3683 moves. You were level 5 with a maximum of 37 hit points when you died.